Match 45091593
Unlisted

Match 45091593
End
Construct Infanterie Kompanie
Sniper
MG 42 Machine Gun Team
Selects Mechanized Battlegroup
MG 42 Machine Gun Team
Construct Luftwaffe Kompanie
Flak 30 Anti-aircraft Gun Team
Jäger Squad
Construct Panzergrenadier Kompanie
Selects Raid Package
Luftwaffe Officer Quarters
Medical Bunker
Pak 40 Anti-tank Gun Team
Jäger Squad
Forward Retreat Point
一杆大长枪
Cettel
HOLD THE LINE
收徒
lengfeng988
Patton
粉色上瘾
许聪聪
0
0

Comments sign in to comment!

No comments posted yet!